 Dungeon Crawl Stone Soup version 0.31-a0-851-g7ff8af7976 (webtiles) character file.

Game seed: 12499499422918564657

273 BinkBink the Shooter (level 6, 0/32 HPs)
             Began as a Spriggan Hunter on Oct 6, 2023.
             Killed by nerve-wracking pain
             ... invoked by an orc priest
              (10 damage)
             ... on level 3 of the Dungeon.
             The game lasted 00:02:31 (1704 turns).

BinkBink the Shooter (Spriggan Hunter)              Turns: 1704, Time: 00:02:32

Health: 0/32       AC:  2    Str:  7    XL:     6   Next: 3%
Magic:  7/7        EV: 18    Int: 10    God:
Gold:   136        SH:  0    Dex: 21    Spells: 5/5 levels left

rFire   . . .        a - +0 shortbow
rCold   . . .        (shield currently unavailable)
rNeg    . . .        c - +0 robe
rPois   .            (helmet restricted)
rElec   .            (no cloak)
rCorr   .            (gloves unavailable)
SInv    +            (boots unavailable)
Will    +....        (no amulet)
Stlth   ++           (no ring)
HPRegen 0.25/turn    (no ring)
MPRegen 0.10/turn

%: no passive effects
@: very quick
A: very small, no large weapons, unfitting armour, see invisible, speed 3
a: no special abilities


You were on level 3 of the Dungeon.
You visited 1 branch of the dungeon, and saw 3 of its levels.

You collected 136 gold pieces.

Inventory:

Hand Weapons
 a - a +0 shortbow (weapon)
Armour
 c - a +0 robe (worn)
Scrolls
 b - a scroll of butterflies
 e - 4 scrolls of identify {unknown}
 f - a scroll of teleportation {unknown}
 g - a scroll of enchant weapon {unknown}
 h - a scroll of fog {unknown}
 j - a scroll of amnesia {unknown}
 l - a scroll of vulnerability {unknown}
 n - a scroll of summoning {unknown}
Potions
 d - a potion of curing {unknown}
 i - a potion of brilliance {unknown}
 k - 2 potions of mutation {unknown}
 m - a potion of berserk rage {unknown}


   Skills:
 + Level 3.2 Fighting
 * Level 6.4 Ranged Weapons
 - Level 2.6 Dodging
 - Level 1.5 Stealth


You had 5 spell levels left.
You didn't know any spells.
Your spell library was empty.

Dungeon Overview and Level Annotations

Branches:
Dungeon (3/15)

Altars:

Shops:
D:1 [

Annotations:
D:3 1 runed translucent door, Nattfarinn's ghost, amateur FoSh


Innate Abilities, Weirdness & Mutations

You are very small and have problems with some larger weapons.
You are too small for most types of armour.
You have supernaturally acute eyesight. (SInv)
You cover ground extremely quickly. (Speed+++)


Message History

Fire: a) +0 shortbow
Press: ? - help, Q - select action Shift-Dir - straight line, f - you Really target yourself? [Y]es or [N]o only, please.
Really target yourself?
Okay, then.
HP restored.
Done exploring.
Done exploring.
You climb downwards.
Level annotation: 1 runed translucent door, Nattfarinn's ghost, amateur FoSh
There is a stone staircase leading up here.
An orc priest is nearby!
You shoot an arrow. The arrow hits the orc priest.
The orc priest is lightly wounded.
The orc priest miscasts a cantrip.
You shoot an arrow. The arrow barely misses the orc priest.
You shoot an arrow. The arrow hits the orc priest.
The orc priest is heavily wounded.
The orc priest calls down the wrath of Beogh upon you.
Beogh smites you!
You shoot an arrow.
The arrow closely misses the orc priest.
You shoot an arrow. The arrow hits the orc priest.
The orc priest is heavily wounded.
You shoot an arrow. The arrow hits the orc priest.
The orc priest is almost dead.
The orc priest calls down the wrath of Beogh upon you.
Pain shoots through your body!
You are too injured to fight recklessly!
You are too injured to fight recklessly!
Unknown command.
You are too injured to fight recklessly!
Fire: a) +0 shortbow
Press: ? - help, Q - select action Shift-Dir - straight line, f/p - orc priest
Aim: an orc priest, wielding a +0 short sword (almost dead, 66% to hit)
You shoot an arrow. The arrow barely misses the orc priest.
The orc priest invokes the aid of Beogh against you.
Pain shoots through your body!
You die...

#.......#...................
###.(...#..................#
#.....####.....##+#.#....+
#).......#.....##.#.#....#
#.....#........##.........
#.......<.....>......o....
#..............###....##..
..............o........o...
...........@.....#..........
#........#........#..........
#...#........########.##....o
..≈≈≈≈≈≈≈. #.##.....
..≈......≈ #.##....#
.≈.#####.. #.......# .≈. ##
#.......# .≈ ).....# .......


You could see an orc priest.

Vanquished Creatures
  Sigmund (D:2)
  A jelly (D:3)
  A sleepcap (D:2)
  An adder (D:2)
  A dart slug (D:1)
  7 endoplasms
  2 giant cockroaches
  3 goblins
  5 hobgoblins
  3 jackals (D:1)
  3 quokkas
  8 ball pythons
  4 bats
  5 frilled lizards
  A kobold (D:3)
  4 rats
50 creatures vanquished.

Notes
Turn   | Place    | Note
-------+----------+-------------------------------------------
     0 | D:1      | BinkBink the Spriggan Hunter began the quest for the Orb.
     0 | D:1      | Reached XP level 1. HP: 10/10 MP: 2/2
    37 | D:1      | Found Kewnay's Armour Boutique.
   147 | D:1      | Reached XP level 2. HP: 15/15 MP: 3/3
   444 | D:1      | Reached XP level 3. HP: 18/18 MP: 4/4
   893 | D:2      | Reached skill level 5 in Ranged Weapons
   916 | D:2      | Reached XP level 4. HP: 23/23 MP: 5/5
  1176 | D:2      | Noticed Sigmund
  1253 | D:2      | Killed Sigmund
  1254 | D:2      | Reached skill level 6 in Ranged Weapons
  1254 | D:2      | Reached XP level 5. HP: 16/28 MP: 6/6
  1503 | D:3      | Found a runed translucent door.
  1522 | D:3      | Reached XP level 6. HP: 26/32 MP: 7/7
  1600 | D:3      | Noticed Nattfarinn's ghost (amateur FoSh)
  1704 | D:3      | Killed from afar by an orc priest

Illustrated notes

Levels and vault maps discovered:
D:1:      shiori_arrival_elements, layout_basic, serial_shops, shop
D:2:      layout_loops_ring, uniq_sigmund
D:3:      wad_pebble_path, layout_basic, nicolae_overflow_squiral,
          ebering_ghost_sewer_d, serial_shops, shop, serial_park_tiny_pond,
          serial_park_tiny_pond

Skill      XL: |  1  2  3  4 |
---------------+-------------+-----
Fighting       | 2 3 |  3.2
Ranged Weapons | 5 6 |  6.4
Dodging        | |  2.6
Stealth        | |  1.5

Action                     |  1- 3 |  4- 6 || total
---------------------------+-------+-------++-------
   Fire: Shortbow          |    85 |    54 ||   139
 Armour: Robe              |     4 |     7 ||    11
  Dodge: Dodged            |     4 |    10 ||    14

Table legend: (Time is in decaauts)
 A = Elapsed time spent in this place.
 B = Non-inter-level travel time spent in this place.
 C = Inter-level travel time spent in this place.
 D = Time resting spent in this place.
 E = Time spent auto-exploring this place.
 F = Levels seen in this place.
 G = Mean time per level.
                   A        B        C        D        E       F      G
               +--------+--------+--------+--------+--------+-----+--------+
         Total |   1183 |   1160 |     23 |      5 |    887 |   3 |  394.3 |
       Dungeon |   1183 |   1160 |     23 |      5 |    887 |   3 |  394.3 |
               +--------+--------+--------+--------+--------+-----+--------+

Top non-repeatable levels by time:
     D:2: 624 daAuts
     D:1: 386 daAuts
     D:3: 172 daAuts
